 Dungeon Crawl Stone Soup version 0.30-a0-652-gcc886f7154 (webtiles) character file.

Game seed: 7837342022349708896

16 bmack86 the Trooper (level 2, 0/27 HPs)
             Began as a Minotaur Fighter on Jan 18, 2023.
             Succumbed to a kobold's poison
             ... on level 1 of the Dungeon.
             The game lasted 00:00:57 (147 turns).

bmack86 the Trooper (Minotaur Fighter)               Turns: 147, Time: 00:00:58

Health: 0/27       AC:  7    Str: 20    XL:     2   Next: 41%
Magic:  1/1        EV:  9    Int:  5    God:
Gold:   0          SH:  4    Dex:  9    Spells: 1/1 levels left

rFire   . . .      SeeInvis .    a - +0 war axe
rCold   . . .      Faith    .    c - +0 buckler
rNeg    . . .      Spirit   .    b - +0 scale mail
rPois   .          Reflect  .    (helmet restricted)
rElec   .          Harm     .    (no cloak)
rCorr   .          Rampage  .    (no gloves)
Will    .....                    (no boots) Stlth
                                 (no amulet)
HPRegen 0.24/turn                (no ring)
MPRegen 0.07/turn                (no ring)

@: lethally poisoned (0 -> -4)
A: horns 2, retaliatory headbutt
a: no special abilities


You were on level 1 of the Dungeon.
You visited 1 branch of the dungeon, and saw 1 of its levels.

Inventory:

Hand Weapons
 a - a +0 war axe (weapon)
Armour
 b - a +0 scale mail (worn)
 c - a +0 buckler (worn)
Scrolls
 g - a scroll of immolation {unknown}
 h - a scroll of enchant weapon {unknown}
Potions
 d - a potion of might
 e - a potion of heal wounds {unknown}
 f - a potion of degeneration {unknown}


   Skills:
 + Level 3.8 Fighting
 * Level 3.0 Axes
 + Level 3.8 Armour
 + Level 3.8 Shields


You had one spell level left.
You didn't know any spells.
Your spell library was empty.

Dungeon Overview and Level Annotations

Branches:
Dungeon (1/15)

Altars:


Innate Abilities, Weirdness & Mutations

You have a pair of horns on your head.
You reflexively headbutt those who attack you in melee.


Message History

The kobold is heavily wounded.
You completely miss the kobold. You hit the hobgoblin.
You feel very sick.
A bat comes into view.
The kobold hits you with a +0 dagger of venom.
You are more poisoned.
The kobold hits you but does no damage. The hobgoblin hits you.
You hit the hobgoblin.
The hobgoblin is severely wounded.
You barely miss the kobold. You hit the kobold but do no damage.
* * * LOW HITPOINT WARNING * * *
You feel very sick. The kobold hits you but does no damage.
The hobgoblin closely misses you. You furiously retaliate!
You headbutt the hobgoblin.
You kill the hobgoblin!
The kobold closely misses you. The bat barely misses you.
You miss the kobold.
The kobold is heavily wounded.
You closely miss the bat. You hit the kobold but do no damage.
* * * LOW HITPOINT WARNING * * *
You feel very sick. The bat misses you. You block the kobold's attack.
The kobold closely misses you. You furiously retaliate!
You headbutt the kobold.
You kill the kobold!
The kobold barely misses you.
You slash the kobold!
You kill the kobold!
* * * LOW HITPOINT WARNING * * *
You feel sick. The bat hits you but does no damage. x2
A ball python comes into view.
* * * LOW HITPOINT WARNING * * *
You feel sick.
The ball python hisses angrily.
The bat barely misses you.
Things that are here:
a +0 dagger of venom; a kobold corpse You hit the bat.
You kill the bat!
You die...

.#..#..# #.# ..#.##.###
#.# #.#.##...###.# #
#.#.####.....# .#
#...######).### .#
##..##........####.####
##..##.######.#..)....#.
.#..##.# #....†......
.#.....# ##..@.......
.##..##>................
.....# ...............
...).# ..............##
.##..# ..............#
.##.........$.........#
†##..##........#######S.
.##..# ....... ..
###..## ..


You could see a ball python.

Vanquished Creatures
  An endoplasm (D:1)
  A goblin (D:1)
  3 hobgoblins (D:1)
  2 jackals (D:1)
  2 bats (D:1)
  A frilled lizard (D:1)
  4 kobolds (D:1)
  A rat (D:1)
15 creatures vanquished.

Notes
Turn   | Place    | Note
-------+----------+-------------------------------------------
     0 | D:1      | bmack86 the Minotaur Fighter began the quest for the Orb.
     0 | D:1      | Reached XP level 1. HP: 19/19 MP: 0/0
    76 | D:1      | Reached XP level 2. HP: 21/27 MP: 1/1
   147 | D:1      | Succumbed to a kobold's poison

Illustrated notes

Levels and vault maps discovered:
D:1:      heliophobic_arrival_battle_scene, layout_rooms

Skill      XL: |  1  2 |
---------------+-------+-----
Axes           | 3 |  3.0
Fighting       | |  3.8
Armour         | |  3.8
Shields        | |  3.8

Action                   || total
-------------------------++-------
Melee: War axe           ||    21
Armor: Scale mail        ||    10
Dodge: Dodged            ||    14
Block: Buckler           ||     4

Table legend: (Time is in decaauts)
 A = Elapsed time spent in this place.
 B = Non-inter-level travel time spent in this place.
 C = Inter-level travel time spent in this place.
 D = Time resting spent in this place.
 E = Time spent auto-exploring this place.
 F = Levels seen in this place.
 G = Mean time per level.
                   A        B        C        D        E       F      G
               +--------+--------+--------+--------+--------+-----+--------+
         Total |    154 |    154 |      0 |      0 |     89 |   1 |  154.0 |
       Dungeon |    154 |    154 |      0 |      0 |     89 |   1 |  154.0 |
               +--------+--------+--------+--------+--------+-----+--------+

Top non-repeatable levels by time:
     D:1: 154 daAuts
